 Dungeon Crawl Stone Soup version 0.28-a0-1524-ge72afd5fc6 (webtiles) character file.

Game seed: 9981601044079611042

25 HallandMoats the Skirmisher (level 2, 0/24 HPs)
             Began as a Demonspawn Fighter on Jan 18, 2022.
             Was a Follower of Vehumet.
             Slain by a rat (1 damage)
             ... on level 1 of the Dungeon.
             The game lasted 00:01:07 (982 turns).

HallandMoats the Skirmisher (Demonspawn Fighter)     Turns: 982, Time: 00:01:08

Health: 0/24       AC:  6    Str: 16    XL:     2   Next: 82%
Magic:  2/2        EV:  9    Int:  9    God:    Vehumet [*.....]
Gold:   9          SH:  4    Dex: 12    Spells: 1/1 levels left

rFire   . . .      SeeInvis .   a - +0 war axe
rCold   . . .      Faith    .   c - +0 buckler
rNeg    . . .      Spirit   .   b - +0 scale mail
rPois   .          Reflect  .   (helmet restricted)
rElec   .          Harm     .   (no cloak)
rCorr   .          Rampage  .   (no gloves)
Will    .....                   (no boots)
Stlth   ..........              (no amulet)
HPRegen 0.08/turn               (no ring)
MPRegen 0.08/turn               (no ring)

@: no status effects
A: horns 1
a: Renounce Religion


You were on level 1 of the Dungeon.
You worshipped Vehumet.
Vehumet was aware of your devotion.
You visited 1 branch of the dungeon, and saw 1 of its levels.

You collected 9 gold pieces.

Inventory:

Hand Weapons
 a - a +0 war axe (weapon)
Armour
 b - a +0 scale mail (worn)
 c - a +0 buckler (worn)
Potions
 d - a potion of might
 e - a potion of curing {unknown}


   Skills:
 * Level 3.3 Fighting
 * Level 2.3 Axes
 + Level 2.8 Armour
 + Level 0.4 Dodging
 + Level 2.8 Shields


You had one spell level left.
You didn't know any spells.
Your spell library was empty.

Dungeon Overview and Level Annotations

Branches:
Dungeon (1/15)

Altars:
Vehumet

Shops:
D:1 *


Innate Abilities, Weirdness & Mutations

You have a pair of small horns on your head.


Message History

You block the rat's attack. The rat completely misses you. The rat bites you.
* * * LOW HITPOINT WARNING * * *
The rat bites you.
* * * LOW HITPOINT WARNING * * *
The rat bites you.
* * * LOW HITPOINT WARNING * * *
You block the rat's attack. The rat bites you but does no damage.
The rat bites you.
* * * LOW HITPOINT WARNING * * *
The rat closely misses you. The rat bites you but does no damage.
The rat bites you.
* * * LOW HITPOINT WARNING * * *
The rat barely misses you. The rat barely misses you.
The rat barely misses you. The rat bites you but does no damage.
The rat barely misses you. You block the rat's attack.
You block the rat's attack. The rat bites you but does no damage.
The rat bites you but does no damage. The rat bites you but does no damage.
The rat closely misses you. The rat barely misses you.
The rat barely misses you. The rat barely misses you. The rat bites you.
* * * LOW HITPOINT WARNING * * *
The rat bites you but does no damage. The rat closely misses you.
The rat closely misses you. You block the rat's attack.
The rat closely misses you. The rat barely misses you. The rat bites you.
You die...

####.##### #..
#........# ###
#.#...##.#
#......#
#########.....##
...........#......
##....8.##.###.#
#..._...#.###.#
#....8@r......
##.....##.####
####### .# #


You could see a rat.

Vanquished Creatures
  A dart slug (D:1)
  2 ball pythons (D:1)
  3 bats (D:1)
  4 endoplasms (D:1)
  2 goblins (D:1)
  2 hobgoblins (D:1)
  A quokka (D:1)
  A frilled lizard (D:1)
  3 kobolds (D:1)
  A rat (D:1)
20 creatures vanquished.

Notes
Turn   | Place    | Note
-------+----------+-------------------------------------------
     0 | D:1      | HallandMoats the Demonspawn Fighter began the quest for the
                  | Orb.
     0 | D:1      | Reached XP level 1. HP: 18/18 MP: 1/1
   174 | D:1      | Found Mexastrot's General Store.
   199 | D:1      | Gained mutation: You have a pair of small horns on your
                  | head. [demonic ancestry]
   199 | D:1      | Reached XP level 2. HP: 3/24 MP: 2/2
   862 | D:1      | Found a faded altar of an unknown god.
   871 | D:1      | Prayed at the altar of an unknown god.
   871 | D:1      | Became a worshipper of Vehumet
   871 | D:1      | Reached * piety under Vehumet
   871 | D:1      | Offered knowledge of Magic Dart by Vehumet.
   957 | D:1      | HP: 1/24 [rat (1)]
   975 | D:1      | HP: 1/24 [rat (1)]
   982 | D:1      | Slain by a rat

Illustrated notes

Levels and vault maps discovered:
D:1:      dpeg_arrival_rhombus, layout_loops_corners,
          dreamdust_ecumenical_altar_statues, serial_shops,
          nicolae_shop_advertising_works [nicolae_subvault_shop_adworks]

Skill      XL: |  1 |
---------------+----+-----
Axes           | 2 |  2.3
Fighting       | |  3.3
Armour         | |  2.8
Dodging        | |  0.4
Shields        | |  2.8

Action                   || total
-------------------------++-------
Melee: War axe           ||    71
       Headbutt          ||     2
Armor: Scale mail        ||    69
Dodge: Dodged            ||    73
Block: Buckler           ||    33

Table legend: (Time is in decaauts)
 A = Elapsed time spent in this place.
 B = Non-inter-level travel time spent in this place.
 C = Inter-level travel time spent in this place.
 D = Time resting spent in this place.
 E = Time spent auto-exploring this place.
 F = Levels seen in this place.
 G = Mean time per level.
                   A        B        C        D        E       F      G
               +--------+--------+--------+--------+--------+-----+--------+
         Total |   1013 |   1013 |      0 |    246 |    481 |   1 | 1013.0 |
       Dungeon |   1013 |   1013 |      0 |    246 |    481 |   1 | 1013.0 |
               +--------+--------+--------+--------+--------+-----+--------+

Top non-repeatable levels by time:
     D:1: 1013 daAuts
